 Dungeon Crawl Stone Soup version 0.29-a0-982-gaed3a0c8d8 (webtiles) character file.

Game seed: 1797008693284277112

1086 porpoise the Cleaver (level 8, -30/58 HPs)
             Began as a Formicid Monk on Aug 2, 2022.
             Was a Follower of Ru.
             Killed by an exploding orc wizard (31 damage)
             ... ignited by their inner flame
             ... on level 5 of the Dungeon.
             The game lasted 00:19:11 (4916 turns).

porpoise the Cleaver (Formicid Monk)                Turns: 4916, Time: 00:19:12

Health: -30/58     AC:  9    Str: 18    XL:     8   Next: 55%
Magic:  8/8        EV: 10    Int: 10    God:    Ru [*.....]
Gold:   211        SH:  0    Dex: 16    Spells: 7/7 levels left

rFire   . . .      SeeInvis +   a - +0 dagger (elec)
rCold   + + .      Faith    .   (no shield)
rNeg    . . .      Spirit   .   A - +2 scale mail {rC+}
rPois   .          Reflect  .   (helmet unavailable)
rElec   .          Harm     .   C - +0 cloak
rCorr   .          Rampage  .   (no gloves)
Will    +....                   (no boots)
Stlth   +.........              (no amulet)
HPRegen 0.19/turn               d - ring of willpower
MPRegen 0.11/turn               w - ring of protection from cold

@: no status effects
A: permanent stasis, dig shafts and tunnels, antennae 3, frail 1, four strong
arms
a: Dig, Shaft Self, Renounce Religion


You were on level 5 of the Dungeon.
You worshipped Ru.
Ru was aware of your devotion.
You visited 2 branches of the dungeon, and saw 6 of its levels.
You also visited: Sewer.

You collected 211 gold pieces.

Inventory:

Hand Weapons
 a - a +0 dagger of electrocution (weapon)
 b - a +4 sling of venom
 o - a +0 hand axe
Missiles
 m - 32 poisoned darts
 t - 2 boomerangs
 x - a curare-tipped dart
 y - 2 throwing nets
Armour
 k - a scarf of invisibility
 A - a +2 scale mail of cold resistance (worn)
 C - a +0 cloak (worn)
Jewellery
 d - a ring of willpower (left hand)
 g - a ring of magical power
 i - a +6 ring of dexterity
 w - a ring of protection from cold (right hand)
Wands
 e - a wand of flame (14)
Scrolls
 l - a scroll of butterflies
 p - 2 scrolls of immolation
 v - a scroll of magic mapping
Potions
 c - 2 potions of ambrosia
 f - a potion of lignification
 j - 2 potions of heal wounds
 n - a potion of degeneration {unknown}
 q - a potion of haste {unknown}
 r - 2 potions of cancellation
 s - a potion of flight {unknown}
 u - 2 potions of curing
 z - a potion of might {unknown}
 B - a potion of attraction {unknown}


   Skills:
 + Level 6.8 Fighting
 * Level 8.4 Axes
 - Level 2.6 Dodging
 - Level 2.4 Stealth


You had 7 spell levels left.
You didn't know any spells.
Your spell library contained the following spells:

 Spells                   Type           Power      Damage    Failure   Level
 Gell's Gravitas          Tloc           0%         N/A       98%         3
 Inner Flame              Hex/Fire       0%         N/A       98%         3
 Teleport Other           Tloc           0%         N/A       98%         3
 Cause Fear               Hex            0%         N/A       100%        4
 Manifold Assault         Tloc           0%         N/A       100%        5
 Dispersal                Tloc           0%         N/A       100%        6
 Storm Form               Tmut/Air       0%         N/A       100%        7
 Discord                  Hex            0%         N/A       100%        8
 Blink                    Tloc           Unusable   N/A       N/A         2

Dungeon Overview and Level Annotations

Branches:
Dungeon (5/15)             Temple (1/1) D:4           Sewer (visited)

Altars:
Ashenzari
Cheibriados
Dithmenos
Elyvilon
Fedhas
Gozag
Kikubaaqudgha
Nemelex Xobeh
Qazlal
Ru
Sif Muna
Trog
Uskayaw
Vehumet
Xom
Zin
The Shining One

Annotations:
D:4 1 runed translucent door, flotson's ghost, weakling DsDe


Innate Abilities, Weirdness & Mutations

You cannot be hasted, slowed, berserked, paralysed or teleported.
You can dig through walls and to a lower floor.
You have a pair of large antennae on your head. (SInv)
You are frail. (-10% HP)
Your four strong arms can wield two-handed weapons with a shield.


Message History

Okay, then.
You closely miss the orc. The hound barely misses you.
The orc priest looks satisfied for a moment.
Unknown command.
You closely miss the orc wizard. The hound bites you.
The hound bites you but does no damage.
The orc priest invokes the aid of Beogh against you.
Beogh smites you!
You miss the orc wizard. The hound closely misses you.
The orc wizard hits you but does no damage.
The orc priest invokes the aid of Beogh against you.
Beogh smites you!
* * * LOW HITPOINT WARNING * * *
Unknown command.
You closely miss the orc wizard. The hound barely misses you. x2
The orc wizard hits you but does no damage.
Unknown command.
You completely miss the orc wizard. The hound bites you.
* * * LOW HITPOINT WARNING * * *
The orc wizard hits you but does no damage.
The orc priest begins to pray, but is stunned by your conviction!
Unknown command.
You hit the orc wizard.
Flame seeps out of the orc wizard.
The orc wizard is lightly wounded.
The hound bites you but does no damage. The hound bites you.
* * * LOW HITPOINT WARNING * * *
The orc priest mumbles some strange prayers to Beogh against you.
Beogh smites you!
* * * LOW HITPOINT WARNING * * *
The orc wizard is engulfed in blazing flames.
Flame seeps out of the orc wizard.
The orc wizard barely misses you.
You hit the orc wizard.
The orc wizard explodes!
The fiery explosion engulfs the orc!!
The fiery explosion engulfs the hound!
Flame seeps out of the hound.
The hound is almost dead.
The fiery explosion engulfs the orc priest!!!
The fiery explosion engulfs the orc!!
The fiery explosion engulfs you!!
Ouch! That really hurt!
You die...

.....##...
..........
.........#
.........#
...o.s.# o§)§.
#○h#{## #@# .#
#.##.# ##
#..#.######..
##[#........ #..#
##..# ###
##.###...######..
#.........#....#
##...[..........#
.#.....#....#....#


You could see a scorpion (inner flame), a hound (inner flame) and 2 orc priests.

Vanquished Creatures
  An ogre (D:4)
  6 kobold brigands (Sewer)
  A scorpion (D:5)
  A howler monkey (D:5)
  2 orc priests
  Crazy Yiuf (D:4)
  2 jellies
  3 iguanas (D:4)
  Jessica (D:3)
  3 orc wizards
  Robin (D:3)
  4 gnolls (D:5)
  4 adders
  A river rat (Sewer)
  8 worms
  3 dart slugs
  4 orcs
  13 ball pythons
  11 endoplasms
  7 giant cockroaches
  14 goblins
  10 hobgoblins
  2 jackals (D:4)
  10 quokkas
  A bat (D:1)
  4 frilled lizards
  8 kobolds
  5 rats
131 creatures vanquished.

Vanquished Creatures (others)
  2 withered plants (D:4)
2 creatures vanquished.

Grand Total: 133 creatures vanquished

Notes
Turn   | Place    | Note
-------+----------+-------------------------------------------
     0 | D:1      | porpoise the Formicid Monk began the quest for the Orb.
     0 | D:1      | Reached XP level 1. HP: 18/18 MP: 1/1
   299 | D:1      | Reached XP level 2. HP: 22/24 MP: 2/2
   363 | D:1      | Found a faded altar of an unknown god.
   831 | D:2      | Found a hide-covered altar of Uskayaw.
   841 | D:2      | Reached XP level 3. HP: 25/29 MP: 3/3
  1024 | D:2      | Reached skill level 4 in Axes
  1256 | D:2      | Reached XP level 4. HP: 36/37 MP: 4/4
  1764 | D:3      | Noticed Robin
  1876 | D:3      | Killed Robin
  2119 | D:3      | Noticed Jessica
  2131 | D:3      | Killed Jessica
  2132 | D:3      | Reached XP level 5. HP: 41/43 MP: 5/5
  2188 | D:3      | Found a shadowy altar of Dithmenos.
  2423 | D:4      | Found a glowing drain.
  2441 | D:4      | Reached skill level 5 in Axes
  2443 | Sewer    | Entered a sewer
  2462 | Sewer    | Noticed a kobold brigand
  2468 | Sewer    | Killed a kobold brigand
  2469 | Sewer    | Reached XP level 6. HP: 49/49 MP: 6/6
  2556 | Sewer    | Reached skill level 5 in Fighting
  2607 | Sewer    | Reached skill level 6 in Axes
  2741 | Sewer    | Reached XP level 7. HP: 56/56 MP: 7/7
  3090 | Sewer    | Reached skill level 7 in Axes
  3705 | D:4      | Found a staircase to the Ecumenical Temple.
  3721 | Temple   | Entered the Ecumenical Temple
  3746 | Temple   | Became a worshipper of Ru the Awakened
  3773 | Temple   | Gained mutation: You are frail. (-10% HP) [Ru sacrifice]
  3773 | Temple   | Reached * piety under Ru
  3826 | D:4      | Reached XP level 8. HP: 57/57 MP: 8/8
  4307 | D:4      | Found a runed translucent door.
  4308 | D:4      | Noticed flotson's ghost (weakling DsDe)
  4346 | D:4      | Found a runed translucent door.
  4347 | D:4      | Noticed Crazy Yiuf
  4356 | D:4      | Killed Crazy Yiuf
  4357 | D:4      | Reached skill level 8 in Axes
  4602 | D:5      | Entered Level 5 of the Dungeon
  4915 | D:5      | HP: 1/58 [orc priest/divine providence (12)]
  4916 | D:5      | Killed by an exploding orc wizard... ignited by their inner
                  | flame

Illustrated notes

Levels and vault maps discovered:
D:1:      saegor_arrival_fortress, layout_rooms, ebering_ecumenical_altar_rust
D:2:      layout_rooms, basic_altar, minmay_tromino_mix6
D:3:      layout_rooms, mainiacjoe_overflow_alcove_4, uniq_jessica, uniq_robin
D:4:      layout_loops_cross, minmay_temple_entry_hall, gup_sewer_entry_pipe,
          gammafunk_ghost_grave, uniq_crazy_yiuf_cottage
D:5:      layout_rooms, kennysheep_small_circle
Temple:   nicolae_temple_bog_church

Skill      XL: |  1  2  3  4  5  6  7  8 |
---------------+-------------------------+-----
Axes           | 4 5 6 7 8 |  8.4
Fighting       | 4 5 6 |  6.8
Dodging        | |  2.6
Stealth        | |  2.4

Action                   |  1- 3 |  4- 6 |  7- 9 || total
-------------------------+-------+-------+-------++-------
Melee: Hand axe          |    85 |    80 |       ||   165
       Punch             |     1 |     2 |     3 ||     6
       Dagger            |       |       |   142 ||   142
 Fire: Sling             |       |    65 |    58 ||   123
Invok: Sacrifice Health  |       |       |     1 ||     1
  Use: Scroll            |       |     8 |     8 ||    16
 Stab: Sleeping          |     2 |       |     1 ||     3
Armor: Robe              |     5 |       |       ||     5
       Ring mail         |    26 |    32 |    41 ||    99
       Scale mail        |       |       |    14 ||    14
Dodge: Dodged            |    52 |    55 |    65 ||   172

Table legend: (Time is in decaauts)
 A = Elapsed time spent in this place.
 B = Non-inter-level travel time spent in this place.
 C = Inter-level travel time spent in this place.
 D = Time resting spent in this place.
 E = Time spent auto-exploring this place.
 F = Levels seen in this place.
 G = Mean time per level.
                   A        B        C        D        E       F      G
               +--------+--------+--------+--------+--------+-----+--------+
         Total |   5151 |   5089 |     62 |   1335 |   2548 |   7 |  735.9 |
       Dungeon |   4175 |   4143 |     32 |   1223 |   2000 |   5 |  835.0 |
        Temple |     80 |     51 |     29 |      0 |     29 |   1 |   80.0 |
         Sewer |    895 |    895 |      0 |    112 |    518 |   1 |  895.0 |
               +--------+--------+--------+--------+--------+-----+--------+

Top non-repeatable levels by time:
     D:4: 1466 daAuts
   Sewer: 895 daAuts
     D:3: 858 daAuts
     D:1: 835 daAuts
     D:2: 698 daAuts
     D:5: 315 daAuts
  Temple: 80 daAuts
